 Dungeon Crawl Stone Soup version 0.16-a0-3625-g2624681 (console) character file.

813066 MrRokkomies the Cloud Mage (level 27, -15/161 HPs)
             Began as a Vine Stalker Gladiator on Jan 8, 2015.
             Was the Champion of Ru.
             Killed from afar by a spellforged servitor (43 damage)
             ... with a fireball
             ... summoned by an ancient lich
             ... on level 15 of a ziggurat on Jan 14, 2015.
             The game lasted 10:02:47 (76898 turns).

MrRokkomies the Cloud Mage (VSGl)                  Turns: 76898, Time: 10:02:49

Health: -15/161    AC: 46    Str: 19    XL:     27
Magic:  0/46       EV: 19    Int: 29    God:    Ru [******]
Gold:   10224      SH: 17    Dex: 16    Spells: 14 memorised, 4 levels left

rFire  . . .     SeeInvis +     a - +9 sacred scourge (holy)
rCold  . . .     Clarity  .     T - +10 pearl dragon armour
rNeg   + + .     SustAb   .     R - +3 shield {rPois}
rPois  +         Gourm    .     P - +2 helmet {Int+3}
rElec  .         Spirit   +     F - +1 cloak {MR+}
rCorr  +         Warding  +     q - +1 pair of gloves of the Lost Wars {rPois+ rCorr HP+5}
rMut   .         Stasis   .     D - +2 pair of boots {Stlth+}
MR     ++++.                    v - amulet of warding
Stlth  ..........               X - ring "Vogral" {Int+5 SInv}
                                V - ring of Toliv {Wiz Int+4}

@: exhausted, stone skin, flayed, incredibly resistant to hostile enchantments,
extremely unstealthy
A: fangs 3, thin skeletal structure 1, yellow scales 1, clumsy 1, regeneration
3, screaming 1, weak 1, magic shield, antimagic bite, no device heal 3, rot
immunity, no stealth, inability to use devices, hated by all, vulnerability to
harm 1
a: Draw Out Power, Power Leap, Apocalypse, Renounce Religion
}: 6/15 runes: decaying, slimy, silver, abyssal, demonic, gossamer


You were on level 15 of a ziggurat.
You worshipped Ru.
Ru was exalted by your worship.
You were not hungry.

You visited 13 branches of the dungeon, and saw 65 of its levels.
You visited Pandemonium 1 time, and saw 5 of its levels.
You visited the Abyss 1 time.
You visited 1 ziggurat, and saw 15 of its levels.
You also visited: Labyrinth, Bailey, Ice Cave, Volcano and Wizlab.

You collected 13602 gold pieces.
You spent 3378 gold pieces at shops.

Inventory:

Hand weapons
 a - a +9 sacred scourge of holy wrath (weapon)
 Y - a +9 demon trident of electrocution
 Z - the +3 Elemental Staff {rElec rF++ rC++ MR++ AC+5}
   (You found it on level 3 of the Depths)

   It affects your AC (+5).
   It greatly protects you from fire.
   It greatly protects you from cold.
   It insulates you from electricity.
   It affects your resistance to hostile enchantments.
Missiles
 C - 11 throwing nets (quivered)
Armour
 m - a cursed +1 large shield of fire resistance
 q - the +1 pair of gloves of the Lost Wars (worn) {rPois+ rCorr HP+5}
   (You acquired it on level 6 of the Pits of Slime)

   It protects you from poison.
   It affects your health (+5).
   It protects you from acid and corrosion.
 D - a +2 pair of boots of stealth (worn)
 E - the cursed +5 fire dragon armour "Sall" {rF++ rC- Str+2 Dex+4}
   (You found it in an ice cave)

   It affects your strength (+2).
   It affects your dexterity (+4).
   It greatly protects you from fire.
   It makes you vulnerable to cold.
   It has a curse placed upon it.
 F - a +1 cloak of magic resistance (worn)
 P - a +2 helmet of intelligence (worn)
 R - a +3 shield of poison resistance (worn)
 T - a +10 pearl dragon armour (worn)
Magical staves
 b - an uncursed staff of air
 c - an uncursed staff of energy
Jewellery
 i - an uncursed ring of protection from fire
 o - a cursed amulet of stasis
 s - the ring of Shaolin {EV+8}
   (You found it on level 6 of the Pits of Slime)

   [ring of evasion]

   It affects your evasion (+8).
 u - the ring of Gluttony {+cTele rN+ Slay+2}
   (You found it in Pandemonium)

   [ring of teleport control]

   It can be evoked for teleport control.
   It affects your accuracy and damage with ranged weapons and melee attacks
   (+2).
   It protects you from negative energy.
 v - an amulet of warding (around neck)
 x - a cursed amulet of resist mutation
 y - a cursed +6 ring of slaying
 M - a cursed ring of protection from cold
 N - the amulet "Byleesah" {Clar Int+5 Dex+2}
   (You took it off a kobold in a bailey)

   [amulet of clarity]

   It provides mental clarity.
   It affects your intelligence (+5).
   It affects your dexterity (+2).
 V - the ring of Toliv (left hand) {Wiz Int+4}
   (You found it on level 8 of a ziggurat)

   [ring of wizardry]

   It improves your spell success rate.
   It affects your intelligence (+4).
 W - a cursed ring of sustain abilities
 X - the ring "Vogral" (right hand) {Int+5 SInv}
   (You found it on level 8 of the Lair of Beasts)

   [ring of intelligence]

   It affects your intelligence (+5).
   It enhances your eyesight.
Scrolls
 j - 3 scrolls of immolation
 k - 12 scrolls of fog
 l - 28 scrolls of remove curse
 w - 22 scrolls of teleportation
 B - 6 scrolls of blinking
 I - 4 scrolls of fear
 J - 3 scrolls of silence
 K - 9 scrolls of identify
 O - a scroll of holy word
 U - 5 scrolls of magic mapping
Potions
 e - a potion of magic
 g - 9 potions of brilliance
 n - 8 potions of flight
 t - a potion of cancellation
 z - 30 potions of curing
 A - 2 potions of haste
 G - 10 potions of might
 H - 7 potions of agility
 S - 5 potions of resistance
Books
 L - a book of Annihilations

   Spells                             Type                      Level
   a - Poison Arrow                   Conjuration/Poison           6
   b - Chain Lightning                Conjuration/Air              8
   c - Lehudib's Crystal Spear        Conjuration/Earth            8
   d - Glaciate                       Conjuration/Ice              9
   e - Fire Storm                     Conjuration/Fire             9
 Q - Cerebov's Handbook of Combat Magic
   (You found it on level 6 of a ziggurat)

   Spells                             Type                      Level
   a - Throw Flame                    Conjuration/Fire             2
   b - Sticky Flame                   Conjuration/Fire             4
   c - Orb of Destruction             Conjuration                  7
Comestibles
 d - 2 chunks of flesh
 f - 37 bread rations
 h - 29 meat rations
 p - a royal jelly
 r - 51 fruits


   Skills:
 - Level 20.0 Fighting
 - Level 10.6(12.2) Maces & Flails
 - Level 13.0(14.2) Polearms
 - Level 10.1(14.2) Staves
 - Level 1.7 Throwing
 - Level 19.1 Armour
 * Level 14.3 Dodging
 - Level 15.0 Shields
 - Level 18.5 Spellcasting
 - Level 12.0 Conjurations
 - Level 8.0 Charms
 - Level 6.0 Translocations
 - Level 7.0 Transmutations
 * Level 23.6 Air Magic
 - Level 8.0 Earth Magic


You had 4 spell levels left.
You knew the following spells:

 Your Spells              Type           Power        Failure   Level  Hunger
a - Lightning Bolt        Conj/Air       #######...   1%          5    None
b - Swiftness             Chrm/Air       #######.     0%          2    None
c - Tornado               Air            ########..   7%          9    #######
d - Deflect Missiles      Chrm/Air       #######...   1%          6    #......
e - Apportation           Tloc           ######....   1%          1    None
f - Regeneration          Chrm/Necr      ######....   1%          3    None
g - Stoneskin             Trmt/Erth      ######..     1%          2    None
h - Conjure Ball Lightni  Conj/Air       #######...   1%          6    #......
i - Airstrike             Air            ########..   0%          4    None
j - Control Teleport      Chrm/Tloc      ######....   1%          4    None
k - Irradiate             Conj/Trmt      ######....   1%          5    None
l - Phase Shift           Tloc           ######....   2%          5    None
m - Lee's Rapid Deconstr  Erth           ######....   1%          5    None
n - Blink                 Tloc           N/A          1%          2    None


Dungeon Overview and Level Annotations

Branches:
Dungeon (15/15)            Temple (1/1) D:6            Lair (8/8) D:9
  Swamp (5/5) Lair:3       Spider (5/5) Lair:5        Slime (6/6) Lair:7
    Orc (4/4) D:12            Elf (3/3) Orc:4        Vaults (5/5) D:13
  Crypt (3/3) Vaults:2     Depths (5/5) D:15           Hell (1/1)
    Dis (0/7) Hell            Geh (0/7) Hell            Coc (0/7) Hell
    Tar (0/7) Hell            Zot (4/5) Depths:5
   Tomb: Crypt:3

Altars:
Ashenzari
Cheibriados
Dithmenos
Elyvilon
Fedhas
Gozag
Kikubaaqudgha
Makhleb
Nemelex Xobeh
Okawaru
Qazlal
Ru
Sif Muna
Trog
Vehumet
Xom
Yredelemnul
Zin
The Shining One
Lugonu

Shops:
D:9 !*[}   D:12 }   Orc:4 ****   Elf:3 *   Vaults:4 *[   Vaults:5 :

Portals:
Hell: Depths:1 Depths:2 Depths:3 Depths:4 Depths:5
Abyss: Depths:1 Depths:2 Depths:3 Depths:4
Pandemonium: Depths:2 Depths:3
Ziggurat: Depths:5

Annotations:
Lair:6 exclusion: oklob plant
Elf:2 runed door
Depths:2 runed door
Depths:5 runed door


Innate Abilities, Weirdness & Mutations

You have razor-sharp teeth.
You are clumsy. (Dex -2)
You regenerate.
You occasionally shout uncontrollably at your foes.
You are weak. (Str -2)
When hurt, damage is shared between your health and your magic reserves.
Your bite disrupts and absorbs the magic of your enemies.
Potions and wands cannot restore your health.
You are immune to rotting.
You cannot be stealthy.
You cannot study or use magical devices.
You are hated by all.
You take slightly more damage. (-3 AC)
You have a somewhat thin skeletal structure (Dex +2, Stealth).
You are partially covered in yellow scales (AC +2).


Message History

Magic courses through your body.
You destroy the ghoul!
The winds around you start to calm down.
You float gracefully downwards.
The spectral emperor scorpion fades away!
The spectral sphinx fades away!
You block the ancient champion's attack.
The vampire knight blinks!
The vampire knight closely misses you. You block the vampire knight's attack.
The phantasmal warrior begins to attack, but is stunned by your will!
The ancient lich begins to cast a spell, but is stunned by your will!
You hit the ancient champion.
You destroy the ancient champion!
The vampire knight blinks!
The flayed ghost cries, "Suffer as I suffered!"
Terrible wounds open up all over your body!
* * * LOW HITPOINT WARNING * * *
The spellforged servitor casts a spell at you.
The fireball explodes!
The fireball engulfs you!
You die...

▓▓▓ ▓▓▓▓▓▓▓.▓▓▓▓▓▓
▓▓▓.............▓
▓▓....§§§..........
▓▓▓...§§§§L§§..W.W....
▓▓....§§W§§§§nW..W.....
▓....§§§§Wn§§§§§8L..X..
▓▓....§§§§§§§L§§§W..L....
▓....§§§§§§§V§§§§L.X.X.VL
▓....§§L§§V@§§§♣WZ§§XW.L.
▓▓....§§§§§§§§♣♣§♣.Z§....
▓..∩...§§§§§§§§♣ ♣§..V.z.
▓▓.....§§§§§§§♣♣ .......
▓......§§§§§§♣ ......
▓.......§§§§§§.. .....
▓▓........§§§... ....
▓............. .
▓▓........... ▓▓▓........
▓▓....


You could see 2 ghouls, 2 ancient liches, 2 revenants, a lich, a spellforged
servitor, 2 vampire knights, an eidolon, 2 flayed ghosts, a shadow wraith
(invisible), a large abomination and 2 phantasmal warriors.

Vanquished Creatures
  the royal jelly (Slime:6)
  A seraph (Pan)
  An ancient lich (Vaults:5)
  An orb of fire (Zot:4)
  Mara (twice) (Vaults:4)
  3 greater mummies (Zig:13)
  Boris (Depths:5)
  Margery (Vaults:3)
  Norris (Spider:3)
  3 curse toes
  Mennas (Depths:5)
  Geryon (Hell)
  14 golden dragons
  A profane servitor (Zig:5)
  2 pearl dragons (Pan)
  Jory (Depths:5)
  Frederick (Vaults:3)
  A bone dragon (Depths:5)
  Arachne (Spider:2)
  2 Brimstone Fiends (Zig:12)
  A pandemonium lord (Zig:12)
  3 electric golems
  11 tentacled monstrosities
  7 titans
  7 deep elf blademasters
  A Cloud Mage (WizLab)
  4 deep elf master archers
  5 liches
  3 quicksilver dragons
  Murray (Hell)
  4 sphinxes
  24 acid blobs
  3 octopode crushers (Depths:2)
  3 Executioners
  Rupert (Spider:3)
  Agnes (Spider:3)
  9 ancient champions
  10 shadow dragons
  13 azure jellies
  8 storm dragons
  7 revenants
  11 tengu reavers
  3 draconian monks
  3 corrupters
  20 daevas (Pan)
  12 frost giants
  A black sun (Zig:5)
  2 iron dragons
  5 draconian scorchers
  4 orc warlords
  3 cacodemons
  13 deep elf sorcerers
  6 fire giants
  15 vault wardens
  5 balrugs
  3 curse skulls
  4 draconian knights
  6 ghost moths
  16 emperor scorpions
  3 draconian zealots
  7 ghouls
  31 angels (Pan)
  17 ironheart preservers
  3 draconian annihilators (Zot:1)
  6 very ugly things
  5 draconian shifters
  2 spriggan defenders
  28 stone giants
  4 reapers
  11 ophanim (Pan)
  3 draconian callers
  2 blood saints
  A salamander firebrand (Hell)
  5 grey draconians
  5 vampire knights
  29 apis (Pan)
  5 war gargoyles
  3 rakshasas (Vaults:2)
  5 black draconians
  12 deep elf demonologists
  2 pale draconians
  8 green draconians
  5 white draconians
  6 bennus (Zig:13)
  20 yellow draconians
  5 red draconians
  8 purple draconians
  6 dire elephants
  16 deep elf annihilators
  6 mottled draconians
  4 minotaurs
  A caustic shrike zombie (Zig:7)
  Snorg (Lair:4)
  11 deep elf death magi
  8 eidola
  2 mummy priests (Zig:13)
  4 blizzard demons
  5 death oozes (Slime:6)
  27 yaktaur captains
  10 deep elf high priests
  13 ettins
  10 jiangshi
  11 great orbs of eyes
  A caustic shrike skeleton (Zig:13)
  21 hydras
  5 hell beasts (Hell)
  22 ice dragons
  7 fire dragons
  5 death cobs
  30 vault guards
  2 spriggan air magi
  8 centaur warriors
  27 ogre magi
  A ghost crab (Swamp:5)
  Erica (Lair:5)
  22 dancing weapons
  9 deep troll earth magi
  A death knight (Crypt:1)
  A merfolk aquamancer (Zig:2)
  11 alligators
  19 death yaks
  15 deep troll shamans
  2 tengu warriors
  4 vampire magi
  2 storm dragon zombies
  Urug (Swamp:1)
  8 catoblepae
  10 soul eaters
  9 thrashing horrors
  A naga sharpshooter (Zig:3)
  2 iron golems (Hell)
  6 spriggan berserkers
  3 sun demons
  A fire crab (Vaults:1)
  6 hell hogs
  9 iron trolls
  3 orc high priests
  A titan skeleton (Zig:7)
  2 wretched stars (Abyss:3)
  16 hell knights
  5 giant orange brains
  32 skeletal warriors
  8 shadow wraiths
  5 spatial maelstroms
  6 golden dragon zombies (Crypt:3)
  10 ice devils
  A death drake (Zot:1)
  A spriggan druid (Swamp:5)
  8 unseen horrors
  4 wizards
  19 cherubim (Pan)
  A naga ritualist (Zig:3)
  28 deep elf knights
  2 infernal demonspawn
  A storm dragon skeleton (Zig:13)
  33 deep trolls
  A sea snake (shapeshifter) (Vaults:5)
  A putrid demonspawn (Pan)
  19 deep elf summoners
  4 swamp dragons
  10 necromancers
  3 ice statues
  A shadow dragon zombie (Zot:1)
  2 gelid demonspawn (Pan)
  11 hill giants
  An obsidian statue (Zig:11)
  7 flayed ghosts
  An anaconda zombie (Hell)
  8 shambling mangroves
  A tengu zombie (Zig:7)
  Pikel (D:6)
  16 orc knights
  2 ugly thing zombies (Depths:1)
  53 ugly things
  2 anubis guards (Zig:13)
  A harpy (shapeshifter) (Elf:3)
  6 orc sorcerers
  A sphinx zombie (Crypt:2)
  A mana viper (Zig:13)
  10 harpies
  14 deep elf conjurers
  An anaconda skeleton (Hell)
  An iron dragon zombie (Crypt:3)
  6 shining eyes
  25 orb spiders
  A lindwurm (Lair:7)
  15 phantasmal warriors
  38 wolf spiders
  18 ironbrand convokers
  5 sixfirhies
  A spectral elf (Zig:5)
  63 slime creatures
  4 worldbinders (Abyss:3)
  A stone giant zombie (Zig:6)
  A manticore (Depths:2)
  17 hornets
  10 griffons
  8 rust devils
  10 cyclopes
  14 black mambas
  9 oklob plants
  2 stone giant skeletons
  14 vault sentinels
  A guardian serpent (Zig:1)
  Maurice (D:8)
  An apocalypse crab (Abyss:1)
  4 centaur zombies
  2 storm dragon simulacra
  11 elephants
  An elf zombie (Zig:8)
  A moth of wrath (shapeshifter) (Vaults:2)
  4 eyes of devastation
  A frost giant skeleton (Depths:1)
  Joseph (D:7)
  2 molten gargoyles
  19 moths of wrath
  5 gargoyles
  5 orange demons
  6 torpor snails
  4 centaur skeletons
  20 spiny frogs
  A green draconian zombie (Zot:2)
  Psyche (D:9)
  A naga mage (Zig:3)
  A purple draconian zombie (Zot:2)
  11 smoke demons
  A kobold demonologist (Vaults:1)
  A red draconian zombie (Zot:2)
  28 demonic crawlers
  58 yaktaurs
  5 blue devils
  11 komodo dragons
  24 deep elf priests
  An elf (shapeshifter) (Vaults:1)
  2 human skeletons
  An efreet (Abyss:3)
  7 small abominations
  17 starcursed masses
  3 hellwings
  A yaktaur skeleton (Vaults:2)
  19 freezing wraiths
  4 guardian mummies (Zig:13)
  6 large abominations
  6 red devils
  A pale draconian skeleton (Crypt:2)
  4 tormentors
  4 ancient zymes
  3 merfolk (Zig:2)
  A minotaur zombie (Depths:1)
  The ghost of Grangar the Firebug, an experienced DEFE (D:5)
  2 hydra zombies (Hell)
  3 tengu conjurers
  A fire drake (shapeshifter) (D:13)
  11 trolls
  A silent spectre (Zig:4)
  A wind drake (shapeshifter) (Vaults:1)
  2 queen bees (shapeshifter)
  Sonja (Orc:2)
  8 wind drakes (WizLab)
  9 fire drakes
  21 polar bears
  A polar bear (shapeshifter) (Vaults:3)
  3 sphinx simulacra
  A hydra skeleton (Hell)
  12 bog bodies
  5 boulder beetles
  A spriggan zombie (Zig:6)
  A catoblepas skeleton (Depths:1)
  A baby alligator (Lair:3)
  24 ravens
  A hornet zombie (Crypt:1)
  A queen bee (Depths:2)
  28 two-headed ogres
  A harpy skeleton (Crypt:1)
  A raiju (shapeshifter) (Vaults:4)
  A satyr zombie (Crypt:3)
  An ettin zombie (Depths:1)
  4 giant leeches
  27 jumping spiders
  8 spriggans
  A fire dragon zombie (Crypt:3)
  5 raiju
  2 ushabtiu (Zig:13)
  12 blink frogs
  A jumping spider zombie (Crypt:3)
  13 flying skulls
  A stone giant simulacrum (Vaults:2)
  A shadow dragon simulacrum (Zig:13)
  A two-headed ogre (shapeshifter) (Elf:2)
  17 water elementals
  6 basilisks
  36 vampires
  A spriggan skeleton (Depths:1)
  An alligator skeleton (Hell)
  11 shadows
  31 deep elf magi
  A ynoxinul (Pan)
  An iron dragon simulacrum (Zig:13)
  13 trapdoor spiders
  52 redbacks
  5 swamp worm simulacra (Swamp:5)
  81 yaks
  35 air elementals (WizLab)
  23 tarantellas
  3 ettin skeletons
  27 wolves
  Eustachio (D:4)
  2 elf skeletons (Zig:6)
  8 wyverns
  2 yaks (shapeshifter)
  2 human simulacra
  35 deep elf fighters
  15 wraiths
  2 golden eyes
  31 vampire mosquitoes
  2 chaos spawn (Abyss:3)
  6 hungry ghosts
  8 fire elementals
  5 spatial vortices
  A hippogriff (shapeshifter) (Vaults:2)
  A naga (Zig:1)
  12 hydra simulacra (Swamp:5)
  17 insubstantial wisps
  4 wargs
  23 swamp worms
  A warg (shapeshifter) (Vaults:3)
  21 water moccasins
  3 neqoxecs
  Menkaure (D:5)
  A steam dragon (D:11)
  18 hippogriffs
  7 hell hounds
  3 mottled dragons
  13 porcupines
  2 deep troll zombies
  A baby alligator zombie (Crypt:2)
  4 spiny frog zombies (Hell)
  20 spiders
  14 ice beasts
  27 orc warriors
  A slave (D:6)
  3 phantoms
  7 sky beasts
  11 swamp drakes
  A deep dwarf (shapeshifter) (Depths:4)
  10 eyes of draining
  6 boggarts
  11 wasps
  A dwarf (shapeshifter) (Vaults:3)
  10 centaurs
  4 boring beetles
  13 crocodiles
  5 necrophages
  103 ogres
  Sigmund (D:2)
  Duvessa (D:4)
  A draconian zombie (Crypt:1)
  A lost soul (Crypt:3)
  A giant frog (shapeshifter) (Vaults:4)
  3 big kobolds
  A yaktaur zombie (Depths:1)
  20 giant frogs
  A fire crab zombie (Crypt:1)
  A wyvern zombie (D:11)
  A glowing shapeshifter simulacrum (Depths:1)
  A wyvern skeleton (D:12)
  A gnoll sergeant (D:12)
  A manticore simulacrum (Hell)
  15 scorpions
  23 killer bees
  2 tengu simulacra
  An electric eel (D:12)
  A raiju zombie (Crypt:2)
  16 wights
  6 crimson imps
  2 quasits
  A goliath beetle (D:9)
  A boring beetle zombie (Crypt:1)
  Dowan (D:4)
  54 jellies
  3 iron imps
  2 giant frog zombies
  A human zombie (Crypt:3)
  6 hounds
  23 orc priests
  12 orc wizards
  22 hell rats
  A giant frog skeleton (D:12)
  13 iguanas
  A porcupine skeleton (Crypt:1)
  A lightning spire (Zig:12)
  18 sheep
  A giant frog simulacrum (D:12)
  12 worker ants
  A centaur simulacrum (D:12)
  A dwarf zombie (Crypt:2)
  3 ogre zombies (Depths:1)
  Ijyb (D:2)
  A big kobold zombie (Crypt:1)
  A sky beast zombie (Crypt:2)
  2 deep dwarf skeletons
  2 hound zombies
  A hound skeleton (D:10)
  17 mummies (Zig:13)
  A worker ant zombie (D:6)
  22 adders
  24 river rats
  3 shadow imps
  A steam dragon skeleton (Crypt:2)
  2 giant mites
  9 gnolls
  6 white imps
  3 worms
  3 swamp drake simulacra (Swamp:5)
  3 ufetubi
  An adder skeleton (D:8)
  An adder zombie (D:9)
  4 giant geckos
  3 oozes
  168 orcs
  4 ball pythons
  A bat skeleton (D:4)
  6 giant cockroaches
  17 hobgoblins
  40 kobolds
  9 quokkas
  14 bats
  4 giant newts
  25 goblins
  A hobgoblin skeleton (Crypt:1)
  A lurking horror (Abyss:3)
  13 rats
  7 crawling corpses (Zig:11)
  4 plants (Zig:5)
3652 creatures vanquished.

Vanquished Creatures (others)
  An ancient lich (Vaults:5)
  A golden dragon (Depths:5)
  An Ice Fiend (Zig:12)
  An acid blob (Slime:6)
  A draconian monk (Zot:2)
  A fire giant (Vaults:4)
  A revenant (Zig:15)
  A daeva (Pan)
  An angel (Pan)
  A chaos champion (Zig:12)
  A deep elf annihilator (Zig:14)
  A black sun (Zig:12)
  An eidolon (Zig:15)
  A death ooze (Slime:6)
  A dancing weapon (Elf:2)
  An alligator (Swamp:1)
  A hell hog (Hell)
  A thrashing horror (Abyss:3)
  A fire crab (Lair:6)
  A deep elf knight (Vaults:4)
  A hell knight (Depths:3)
  2 deep trolls
  A gelid demonspawn (Zig:12)
  A swamp dragon (Swamp:5)
  2 ice devils (Hell)
  An anubis guard (Zig:13)
  A tengu skeleton (Depths:1)
  24 ball lightnings
  A black mamba (Lair:4)
  A black mamba (shapeshifter) (Elf:1)
  A vault sentinel (Vaults:1)
  2 spiny frogs
  A spriggan zombie (Depths:1)
  An emperor scorpion zombie (Depths:1)
  2 yaktaurs
  A guardian mummy (Zig:13)
  A deep elf priest (Vaults:5)
  A green draconian skeleton (Zot:2)
  2 jumping spiders (Spider:5)
  A polar bear (IceCv)
  A raven (Swamp:4)
  A slime creature (Slime:3)
  A two-headed ogre (Vaults:5)
  A trapdoor spider (Spider:2)
  3 redbacks
  A vampire mosquito (Vaults:1)
  3 deep elf fighters
  A hippogriff (D:14)
  A wolf (IceCv)
  A water moccasin (Swamp:3)
  2 ogres
  10 lost souls
  A scorpion (Spider:2)
  A crimson imp (Zig:4)
  A black bear zombie (Crypt:1)
  An orc priest (Vaults:2)
  An orc wizard (D:13)
  A hell rat (Hell)
  A mummy (Zig:13)
  4 orcs
  A kobold (Bailey)
  4 fungi
  4 plants
114 creatures vanquished.

Grand Total: 3766 creatures vanquished

Notes
Turn   | Place    | Note
--------------------------------------------------------------
     0 | D:1      | MrRokkomies, the Vine Stalker Gladiator, began the quest for the Orb.
     0 | D:1      | Reached XP level 1. HP: 11/11 MP: 1/1
   160 | D:1      | Reached XP level 2. HP: 15/15 MP: 3/3
   290 | D:1      | Reached skill level 1 in Stealth
   679 | D:2      | Reached skill level 3 in Staves
   679 | D:2      | Reached XP level 3. HP: 8/19 MP: 2/4
   928 | D:2      | Noticed Sigmund
   941 | D:2      | Killed Sigmund
   941 | D:2      | Reached XP level 4. HP: 22/24 MP: 5/5
  1178 | D:2      | Noticed Ijyb
  1199 | D:2      | Killed Ijyb
  1199 | D:2      | Reached XP level 5. HP: 25/28 MP: 5/7
  1744 | D:3      | Found a shadowy altar of Dithmenos.
  1932 | D:3      | Found a shattered altar of Ashenzari.
  2228 | D:3      | Reached skill level 4 in Staves
  2559 | D:4      | Gained mutation: You heal very quickly. [vine stalker growth]
  2559 | D:4      | Reached XP level 6. HP: 33/33 MP: 8/8
  2674 | D:4      | Found a bloodstained altar of Trog.
  2674 | D:4      | Found a radiant altar of Vehumet.
  2721 | D:4      | Noticed Duvessa
  2721 | D:4      | Noticed Dowan
  2729 | D:4      | Killed Dowan
  2850 | D:4      | Killed Duvessa
  3021 | D:4      | Reached XP level 7. HP: 25/38 MP: 9/9
  3050 | D:4      | Reached skill level 5 in Staves
  3101 | D:4      | Noticed Eustachio
  3110 | D:4      | Killed Eustachio
  3110 | D:4      | Reached skill level 5 in Fighting
  3185 | D:5      | Entered Level 5 of the Dungeon
  3217 | D:5      | Noticed Menkaure
  3228 | D:5      | Killed Menkaure
  3228 | D:5      | Gained mutation: You have razor-sharp teeth. [vine stalker growth]
  3228 | D:5      | Reached XP level 8. HP: 25/44 MP: 11/11
  3286 | D:5      | Reached skill level 5 in Stealth
  3424 | D:5      | Noticed Grangar's ghost (experienced DEFE)
  3652 | D:5      | Found a radiant altar of Vehumet.
  3844 | D:5      | Killed Grangar's ghost
  3844 | D:5      | Reached skill level 6 in Staves
  4201 | D:6      | Found an ancient bone altar of Kikubaaqudgha.
  4224 | D:6      | Learned a level 2 spell: Repel Missiles
  4228 | D:6      | Learned a level 2 spell: Swiftness
  4232 | D:6      | Learned a level 3 spell: Conjure Flame
  4444 | D:6      | Gained mutation: You tend to lose your temper in combat. [potion of mutation]
  4444 | D:6      | Gained mutation: You are dopey. (Int -2) [potion of mutation]
  4444 | D:6      | Gained mutation: You have a pair of small horns on your head. [potion of mutation]
  4445 | D:6      | Lost mutation: You are dopey. (Int -2) [potion of cure mutation]
  4445 | D:6      | Lost mutation: You tend to lose your temper in combat. [potion of cure mutation]
  4445 | D:6      | Lost mutation: You have a pair of small horns on your head. [potion of cure mutation]
  4668 | D:6      | Noticed Pikel
  4689 | D:6      | Killed Pikel
  4689 | D:6      | Reached skill level 7 in Fighting
  4689 | D:6      | Reached XP level 9. HP: 46/50 MP: 12/12
  4720 | D:6      | Found a staircase to the Ecumenical Temple.
  4741 | Temple   | Entered the Ecumenical Temple
  4799 | Temple   | Became a worshipper of Ru the Awakened
  5008 | D:7      | You fall through a shaft for 2 floors!
  5025 | D:9      | Found a glowing golden altar of the Shining One.
  5030 | D:9      | Found Ulemao's Gadget Shop.
  5110 | D:8      | Reached skill level 8 in Staves
  5250 | D:8      | Found a white marble altar of Elyvilon.
  5257 | D:8      | Gained mutation: You have a somewhat thin skeletal structure (Dex +2, Stealth). [potion of mutation]
  5257 | D:8      | Gained mutation: You are partially covered in yellow scales (AC +2). [potion of mutation]
  5297 | D:8      | Noticed Maurice
  5322 | D:8      | Killed Maurice
  5590 | D:8      | Noticed a purple ugly thing
  5610 | D:8      | Killed a purple ugly thing
  5610 | D:8      | Reached XP level 10. HP: 32/57 MP: 13/13
  5761 | D:7      | Reached skill level 9 in Staves
  5824 | D:7      | Gained mutation: You cannot be stealthy. [Ru sacrifice]
  5950 | D:7      | Noticed Joseph
  5967 | D:7      | Killed Joseph
  6082 | D:7      | Found a deep blue altar of Sif Muna.
  6252 | D:7      | Upgraded the game from 0.16-a0-3533-gc382f62 to 0.16-a0-3540-gcd4db26
  6318 | D:8      | Found a stormy altar of Qazlal.
  6376 | D:8      | Identified Bunon's Collected Works on Gliding Augmentations
  6393 | D:8      | Learned a level 2 spell: Shroud of Golubria
  6577 | D:9      | Noticed Psyche
  6588 | D:9      | Killed Psyche
  6607 | D:9      | Found a shadowy altar of Dithmenos.
  6613 | D:9      | Found Deyw Ola's Distillery.
  6678 | D:9      | Found a staircase to the Lair.
  6679 | D:9      | Noticed a komodo dragon
  6695 | D:9      | Killed a komodo dragon
  6827 | D:9      | Found Uhorchuha's Armour Shop.
  6830 | D:9      | Bought the +0 pair of gloves of the Sky {Slay+3} for 289 gold pieces
  6830 | D:9      | Bought a +0 chain mail of poison resistance for 102 gold pieces
  6967 | D:9      | Reached skill level 10 in Staves
  7064 | D:9      | Found Smeumit's Assorted Antiques.
  7149 | D:9      | Got a crystal trident
  7150 | D:9      | Identified the +9 trident of Beogh's Vengeance {pierce, +Inv rN+ Str+3 Int-4} (You found it on level 9 of the Dungeon)
  7275 | D:9      | Reached skill level 10 in Fighting
  7371 | Lair:1   | Entered Level 1 of the Lair of Beasts
  7396 | Lair:1   | Reached skill level 1 in Polearms
  7453 | Lair:1   | Gained mutation: You are clumsy. (Dex -2) [Ru sacrifice]
  7453 | Lair:1   | Acquired Ru's first power
  7471 | Lair:1   | Reached skill level 1 in Armour
  7529 | Lair:1   | Reached XP level 11. HP: 51/63 MP: 13/15
  8038 | Lair:1   | Identified a scroll of acquirement
  8182 | Lair:2   | Found a dark tunnel.
  8195 | Volcano  | Entered a volcano
  8199 | Volcano  | Reached skill level 5 in Polearms
  8477 | Lair:2   | Noticed a six-headed hydra
  8483 | Lair:2   | Killed a six-headed hydra
  8483 | Lair:2   | Reached skill level 5 in Armour
  8505 | Lair:2   | Gained mutation: You are hated by all. [Ru sacrifice]
  8505 | Lair:2   | Acquired Ru's second power
  8599 | Lair:2   | Noticed a five-headed hydra
  8824 | Lair:2   | Killed a five-headed hydra
  8977 | Lair:2   | Got a silken robe
  8988 | Lair:2   | Identified the +2 robe of Crawling {Str+4 Dex+2} (You found it on level 2 of the Lair of Beasts)
  9425 | Lair:3   | Gained mutation: You regenerate. [vine stalker growth]
  9425 | Lair:3   | Reached XP level 12. HP: 57/67 MP: 14/16
  9607 | Lair:3   | Found a staircase to the Swamp.
  9876 | Lair:3   | Noticed a six-headed hydra
  9889 | Lair:3   | Killed a six-headed hydra
  9976 | Lair:3   | Noticed an eight-headed hydra
  9985 | Lair:3   | Killed an eight-headed hydra
 10391 | Lair:4   | Noticed Snorg
 10402 | Lair:4   | Killed Snorg
 10492 | Lair:4   | Gained mutation: You cannot study or use magical devices. [Ru sacrifice]
 10492 | Lair:4   | Acquired Ru's third power
 10492 | Lair:4   | Acquired Ru's fourth power
 10492 | Lair:4   | Acquired Ru's fifth power
 11185 | Lair:4   | Reached XP level 13. HP: 64/72 MP: 17/17
 11293 | Lair:5   | Found a hole to the Spider Nest.
 11367 | Lair:5   | Noticed Erica
 11383 | Lair:5   | Killed Erica
 11501 | Lair:5   | Reached skill level 10 in Polearms
 11501 | Lair:5   | Reached skill level 10 in Armour
 11501 | Lair:5   | Reached XP level 14. HP: 77/77 MP: 18/18
 11961 | Lair:6   | Found a blossoming altar of Fedhas.
 11998 | Lair:6   | Reached skill level 11 in Polearms
 12108 | Lair:6   | Gained mutation: You take slightly more damage. (-3 AC) [Ru sacrifice]
 13005 | Lair:7   | Found a staircase to the Slime Pits.
 13014 | Lair:7   | Reached skill level 5 in Dodging
 13105 | Lair:7   | Reached skill level 12 in Polearms
 13458 | Lair:7   | Gained mutation: You are weak. (Str -2) [Ru sacrifice]
 13758 | Lair:8   | Entered Level 8 of the Lair of Beasts
 14882 | Lair:8   | Reached XP level 15. HP: 35/80 MP: 12/19
 15174 | Lair:8   | Reached skill level 13 in Polearms
 15283 | Lair:8   | Reached skill level 1 in Charms
 15309 | Lair:8   | Got a fine tin ring
 15311 | Lair:8   | Identified the ring "Vogral" {Int+5 SInv} (You found it on level 8 of the Lair of Beasts)
 15370 | Lair:8   | Gained mutation: You occasionally shout uncontrollably at your foes. [Ru sacrifice]
 15845 | Lair:1   | Learned a level 1 spell: Shock
 15872 | D:10     | Entered Level 10 of the Dungeon
 16043 | D:10     | Found a blossoming altar of Fedhas.
 16045 | D:10     | Got an ancient leather armour
 16056 | D:10     | Identified the cursed +1 leather armour of Immorality {Str+2 Int+3 Dex+3} (You found it on level 10 of the Dungeon)
 16611 | D:11     | Found a staircase to the Orcish Mines.
 16664 | D:11     | Found a labyrinth entrance.
 16681 | D:11     | Learned a level 3 spell: Regeneration
 16683 | Lab      | Entered a labyrinth
 17895 | D:11     | Noticed a sphinx
 17939 | D:11     | Killed a sphinx
 17939 | D:11     | Reached skill level 5 in Charms
 18049 | D:12     | Found Ghet's Gadget Shoppe.
 18088 | D:12     | Found a staircase to the Orcish Mines.
 18231 | D:12     | Found a frozen archway.
 18245 | IceCv    | Entered an ice cave
 18778 | IceCv    | Got an encrusted fire dragon armour
 18814 | IceCv    | Identified the +5 fire dragon armour "Sall" {rF++ rC- Str+2 Dex+4} (You found it in an ice cave)
 19051 | D:12     | Reached skill level 10 in Dodging
 19051 | D:12     | Reached XP level 16. HP: 81/85 MP: 18/20
 19692 | D:13     | Reached skill level 1 in Shields
 19788 | D:13     | Reached skill level 1 in Air Magic
 19970 | D:13     | Found a gate to the Vaults.
 20539 | Orc:1    | Entered Level 1 of the Orcish Mines
 20712 | Orc:2    | Noticed Sonja
 20715 | Orc:2    | Killed Sonja
 20729 | Orc:1    | Found a flagged portal.
 20741 | Bailey   | Entered a bailey
 20890 | Bailey   | Got a shimmering bone amulet
 20912 | Bailey   | Got an ichor-stained quarterstaff
 20913 | Bailey   | Identified the +8 quarterstaff of the Purple Skies {drain, Str+3 Dex+2} (You found it in a bailey)
 20915 | Bailey   | Identified the amulet "Byleesah" {Clar Int+5 Dex+2} (You took it off a kobold in a bailey)
 21840 | Orc:3    | Upgraded the game from 0.16-a0-3540-gcd4db26 to 0.16-a0-3553-gf2c86d1
 21842 | Orc:4    | Entered Level 4 of the Orcish Mines
 22150 | Orc:4    | Found a staircase to the Elven Halls.
 22244 | Orc:4    | Found Waifitatt's General Store.
 22358 | Orc:4    | Reached skill level 5 in Shields
 22369 | Orc:4    | Found Asiovioch's General Store.
 22374 | Orc:4    | Reached skill level 5 in Air Magic
 22396 | Orc:4    | Found Juaq's General Store.
 22399 | Orc:4    | Found Onacs' General Store.
 22451 | Orc:4    | Bought a scroll of enchant weapon for 112 gold pieces
 23047 | D:9      | Bought a runed paperback book for 525 gold pieces
 23606 | D:14     | Found an opulent altar of Gozag.
 23842 | D:15     | Entered Level 15 of the Dungeon
 24502 | D:15     | Reached XP level 17. HP: 89/91 MP: 21/21
 24594 | D:15     | Found a staircase to the Depths.
 24750 | D:15     | Reached XP level 18. HP: 85/97 MP: 21/21
 24811 | D:15     | Paralysed by a wizard for 6 turns
 25264 | Swamp:1  | Entered Level 1 of the Swamp
 25287 | Swamp:1  | Noticed Urug
 25299 | Swamp:1  | Killed Urug
 25408 | Swamp:1  | Found a blossoming altar of Fedhas.
 26033 | Swamp:2  | Reached skill level 10 in Air Magic
 27057 | Swamp:3  | Got a dazzling ring mail
 27068 | Swamp:3  | Identified the +0 ring mail of the Vaults {rF+} (You found it on level 3 of the Swamp)
 27989 | Swamp:4  | Learned a level 2 spell: Stoneskin
 28587 | Swamp:5  | Entered Level 5 of the Swamp
 29257 | Swamp:5  | Reached skill level 1 in Conjurations
 29807 | Swamp:5  | Reached XP level 19. HP: 105/105 MP: 22/22
 29861 | Swamp:5  | Got a decaying rune of Zot
 30341 | Spider:1 | Entered Level 1 of the Spider Nest
 30459 | Spider:1 | Reached skill level 14 in Fighting
 30826 | Spider:1 | Reached skill level 5 in Conjurations
 30986 | Spider:2 | Noticed Arachne
 31009 | Spider:2 | Killed Arachne
 31548 | Spider:3 | Noticed Rupert
 31564 | Spider:3 | Killed Rupert
 32119 | Spider:3 | Noticed Agnes
 32133 | Spider:3 | Killed Agnes
 32133 | Spider:3 | Reached skill level 15 in Fighting
 32500 | Spider:4 | Noticed Norris
 32516 | Spider:3 | Killed Norris
 33078 | Spider:5 | Entered Level 5 of the Spider Nest
 33154 | Spider:5 | Reached XP level 20. HP: 60/113 MP: 19/23
 33461 | Spider:5 | Reached skill level 10 in Conjurations
 33686 | Spider:5 | Got a gossamer rune of Zot
 34357 | Lair:1   | Learned a level 4 spell: Force Lance
 34574 | Vaults:1 | Entered Level 1 of the Vaults
 35720 | Vaults:1 | Reached skill level 1 in Translocations
 36413 | Vaults:2 | Reached XP level 21. HP: 85/117 MP: 22/23
 36593 | Vaults:2 | Gained mutation: You are partially covered in slimy green scales (AC +2). [potion of beneficial mutation]
 36812 | Vaults:2 | Reached skill level 5 in Translocations
 37051 | Vaults:2 | Found a staircase to the Crypt.
 37282 | Vaults:2 | Reached skill level 1 in Spellcasting
 37613 | Vaults:2 | Got a steaming cloak
 37624 | Vaults:2 | Identified the +2 cloak "Faam" {Int+3 Dex-3} (You acquired it on level 2 of the Vaults)
 37862 | Vaults:3 | Noticed Frederick
 37882 | Vaults:3 | Killed Frederick
 37887 | Vaults:3 | Learned a level 2 spell: Blink
 38144 | Vaults:3 | Reached skill level 5 in Spellcasting
 38979 | Vaults:3 | Noticed Margery
 38999 | Vaults:3 | Killed Margery
 39256 | Vaults:4 | Reached XP level 22. HP: 99/122 MP: 34/36
 39367 | Vaults:4 | Found Blavuge's Antique Armour Shoppe.
 39787 | Vaults:4 | Reached skill level 15 in Armour
 39941 | Vaults:4 | Found Threkese's Assorted Antiques.
 40067 | Vaults:4 | Noticed Mara
 40082 | Vaults:4 | Noticed MrRokkomies' illusion
 40110 | Vaults:4 | Killed Mara
 40118 | Vaults:4 | Killed Mara
 40557 | Vaults:5 | Entered Level 5 of the Vaults
 40995 | Lair:1   | Learned a level 4 spell: Control Teleport
 41001 | Lair:1   | Learned a level 5 spell: Irradiate
 41007 | Lair:1   | Learned a level 5 spell: Phase Shift
 41013 | Lair:1   | Learned a level 5 spell: Lee's Rapid Deconstruction
 41027 | Lair:1   | Learned a level 5 spell: Lightning Bolt
 41031 | Lair:1   | Learned a level 2 spell: Repel Missiles
 41278 | Elf:1    | Entered Level 1 of the Elven Halls
 41414 | Elf:1    | Reached skill level 1 in Earth Magic
 42372 | Elf:2    | Found a runed gate.
 42372 | Elf:2    | Found a runed gate.
 42373 | Elf:2    | Found a runed gate.
 42559 | Elf:2    | Got a heavily runed diamond amulet
 42560 | Elf:2    | Identified the amulet of Negyups {Spirit Slay-5 SInv} (You found it on level 2 of the Elven Halls)
 43107 | Elf:2    | Reached skill level 5 in Earth Magic
 43330 | Elf:3    | Entered Level 3 of the Elven Halls
 43443 | Elf:3    | Found Loetev's Assorted Antiques.
 43446 | Elf:3    | Bought a leatherbound book for 390 gold pieces
 43835 | Elf:3    | Reached XP level 23. HP: 126/126 MP: 38/38
 44033 | Elf:3    | Reached skill level 1 in Transmutations
 44326 | Elf:3    | Got a pair of pitted gloves
 44328 | Elf:3    | Identified the cursed -4 pair of gloves "Wioz" {rN+ Stlth+} (You found it on level 3 of the Elven Halls)
 44332 | Elf:3    | Identified Roxanne's Compendium of Earthen Transformation
 44342 | Elf:3    | Identified the Catalogue of Clay
 45124 | D:9      | Bought a shiny shield for 157 gold pieces
 45124 | D:9      | Bought 3 scrolls of magic mapping for 367 gold pieces
 45857 | Depths:1 | Entered Level 1 of the Depths
 45874 | Depths:1 | Found a gateway to a ziggurat.
 46051 | Depths:1 | Reached skill level 5 in Transmutations
 46285 | Depths:1 | Found a gateway to Hell.
 46421 | Depths:1 | Got a pitted glass ring
 46450 | Depths:1 | Identified the ring of Schibif {Fire +Fly rPois} (You found it on level 1 of the Depths)
 46511 | Depths:1 | Found an iron altar of Okawaru.
 46525 | Depths:1 | Found a corrupted altar of Lugonu.
 46543 | Depths:1 | Found a one-way gate to the infinite horrors of the Abyss.
 46868 | Depths:2 | Reached skill level 10 in Spellcasting
 47176 | Depths:2 | Found a runed door.
 47421 | Depths:2 | Reached XP level 24. HP: 131/131 MP: 39/39
 48310 | Depths:2 | Reached skill level 10 in Shields
 48437 | Depths:2 | Got a shimmering halberd
 48438 | Depths:2 | Identified the cursed -1 halberd of the Shore {flame, Str+1 Dex+3} (You took it off a deep elf high priest on level 2 of the Depths)
 48451 | Depths:2 | Found a one-way gate leading to the halls of Pandemonium.
 48907 | Depths:3 | Identified Strekaic's Almanac of Gliding Transmutation (You found it on level 3 of the Depths)
 49042 | Depths:3 | Found a burning altar of Makhleb.
 49812 | Depths:4 | Found a magical portal.
 49819 | WizLab   | Entered The Chambers of Xuigha the Cloud Mage
 50145 | WizLab   | Reached skill level 15 in Air Magic
 50171 | WizLab   | Identified the Collected Works on Feathers (You found it in a wizard's laboratory)
 50176 | WizLab   | Identified the Almanac of Flight
 50356 | Depths:4 | Upgraded the game from 0.16-a0-3553-gf2c86d1 to 0.16-a0-3585-g2f5ff90
 50687 | Depths:4 | Reached XP level 25. HP: 122/135 MP: 35/39
 51510 | Depths:4 | Reached skill level 16 in Air Magic
 51617 | Depths:5 | Entered Level 5 of the Depths
 51650 | Depths:5 | Noticed Boris
 51671 | Depths:5 | Killed Boris
 51710 | Depths:5 | Found a gateway to a ziggurat.
 51887 | Depths:5 | Found a runed door.
 51887 | Depths:5 | Found a runed door.
 51939 | Depths:5 | Found a gate to the Realm of Zot.
 51968 | Depths:5 | Found a runed door.
 51968 | Depths:5 | Found a runed door.
 52013 | Depths:5 | Found a runed door.
 52013 | Depths:5 | Found a runed door.
 52241 | Depths:5 | Noticed Jory
 52362 | Depths:5 | Noticed Mennas
 52381 | Depths:5 | Killed Mennas
 52445 | Depths:5 | Reached skill level 17 in Air Magic
 52491 | Depths:5 | Killed Jory
 53011 | Depths:4 | Reached XP level 26. HP: 140/140 MP: 40/40
 53055 | Depths:4 | Learned a level 6 spell: Deflect Missiles
 53906 | Crypt:1  | Entered Level 1 of the Crypt
 54689 | Crypt:2  | Reached skill level 15 in Shields
 54970 | Crypt:2  | Reached skill level 18 in Air Magic
 55319 | Crypt:3  | Entered Level 3 of the Crypt
 55995 | Crypt:3  | Got a scorched tin ring
 55999 | Crypt:3  | Identified the ring of Disaster {EV+2 Dex+4} (You found it on level 3 of the Crypt)
 57081 | Vaults:5 | Reached XP level 27. HP: 121/149 MP: 42/42
 57179 | Vaults:5 | Gained mutation: You can spit poison. [potion of beneficial mutation]
 57224 | Vaults:5 | Got an ichor-stained glaive
 57225 | Vaults:5 | Identified the +6 glaive "Usui" {venom, Str+2} (You took it off an ironbrand convoker on level 5 of the Vaults)
 57548 | Vaults:5 | Noticed an ancient lich
 57574 | Vaults:5 | Killed an ancient lich
 57705 | Vaults:5 | Found Scho Tuko's Book Shoppe.
 57711 | Vaults:5 | Bought a Necronomicon for 1324 gold pieces
 57871 | Vaults:5 | Noticed an ancient lich
 57890 | Vaults:5 | Killed an ancient lich
 57947 | Vaults:5 | Identified the Volume of Conjuration and the Snowflakes (You found it on level 5 of the Vaults)
 57991 | Vaults:5 | Got a silver rune of Zot
 59018 | D:13     | Learned a level 9 spell: Tornado
 59020 | D:13     | Learned a level 1 spell: Apportation
 59523 | Slime:1  | Entered Level 1 of the Pits of Slime
 59637 | Slime:3  | Gained mutation: You are dopey. (Int -2) [a shining eye]
 59685 | Slime:4  | Reached skill level 15 in Spellcasting
 59766 | Slime:6  | Entered Level 6 of the Pits of Slime
 60117 | Slime:6  | Noticed the royal jelly
 60151 | Slime:6  | Killed the royal jelly
 60228 | Slime:6  | Identified the Almanac of Cheese
 60251 | Slime:6  | Got a slimy rune of Zot
 60335 | Slime:6  | Got a pair of transparent gloves
 60336 | Slime:6  | Identified the +1 pair of gloves of the Lost Wars {rPois rCorr HP+5} (You acquired it on level 6 of the Pits of Slime)
 60342 | Slime:6  | Got a flickering sapphire amulet
 60356 | Slime:6  | Identified the amulet "Twoy" {+Rage MP-5 SInv} (You found it on level 6 of the Pits of Slime)
 61071 | Hell     | Entered the Vestibule of Hell
 61071 | Hell     | Noticed Geryon
 61086 | Hell     | Noticed Murray
 61321 | Hell     | Killed Murray
 61471 | Hell     | Killed Geryon
 61617 | Hell     | Found a gateway to the ashen valley of Gehenna.
 61663 | Hell     | Found a gateway to the decaying netherworld of Tartarus.
 61690 | Hell     | Reached skill level 19 in Fighting
 61744 | Hell     | Found a gateway to the freezing wastes of Cocytus.
 61839 | Hell     | Found a gateway to the Iron City of Dis.
 62304 | Zot:1    | Entered Level 1 of the Realm of Zot
 63687 | Zot:1    | Reached skill level 20 in Fighting
 63783 | Zot:1    | Identified the Catalogue of Feathers and Confrontation
 63798 | Zot:1    | Got a brightly glowing plate armour
 63799 | Zot:1    | Identified the +10 plate armour of Surprise {MR+ HP+5 SInv} (You found it on level 1 of the Realm of Zot)
 64213 | Zot:2    | Upgraded the game from 0.16-a0-3585-g2f5ff90 to 0.16-a0-3596-g438c78e
 65971 | Zot:4    | Noticed an orb of fire
 66003 | Zot:4    | Killed an orb of fire
 66003 | Zot:4    | Reached skill level 21 in Air Magic
 67947 | D:13     | Learned a level 6 spell: Conjure Ball Lightning
 67953 | D:13     | Learned a level 4 spell: Airstrike
 68144 | Pan      | Entered Pandemonium
 69485 | Pan      | Noticed a seraph
 69509 | Pan      | HP: 8/161 [daeva/divine providence (5)]
 69899 | Pan      | Killed a seraph
 69906 | Pan      | Found a glowing golden altar of the Shining One.
 69960 | Pan      | Got a demonic rune of Zot
 69980 | Pan      | Got a warped iron ring
 69981 | Pan      | Identified the ring of Gluttony {+cTele rN+ Slay+2} (You found it in Pandemonium)
 70412 | Pan      | Found a white marble altar of Elyvilon.
 71174 | Pan      | Gained mutation: Armour fits poorly on your strangely shaped body. [mutagenic glow]
 71266 | Pan      | Found a glowing silver altar of Zin.
 71396 | Pan      | Lost mutation: You can spit poison. [potion of cure mutation]
 71396 | Pan      | Lost mutation: You are dopey. (Int -2) [potion of cure mutation]
 71396 | Pan      | Lost mutation: You are partially covered in slimy green scales (AC +2). [potion of cure mutation]
 71396 | Pan      | Lost mutation: Armour fits poorly on your strangely shaped body. [potion of cure mutation]
 72002 | Pan      | Learned a level 2 spell: Blink
 72023 | Pan      | Upgraded the game from 0.16-a0-3596-g438c78e to 0.16-a0-3606-g1520cdc
 72049 | Pan      | Found an exit through the horrors of the Abyss.
 72059 | Pan      | Took an exit into the Abyss.
 72059 | Abyss:1  | Escaped into the Abyss
 72792 | Abyss:3  | Got a fine chain mail
 72793 | Abyss:3  | Identified the +5 chain mail of Sloth {*Rage rF+ rN+} (You acquired it on level 3 of the Abyss)
 73052 | Abyss:3  | Got an abyssal rune of Zot
 73098 | Depths:2 | Escaped the Abyss
 74676 | Orc:4    | Bought a scroll of enchant armour for 112 gold pieces
 75225 | Zig:1    | Entered Level 1 of a ziggurat
 75254 | Zig:2    | Entered Level 2 of a ziggurat
 75282 | Zig:3    | Entered Level 3 of a ziggurat
 75342 | Zig:3    | Reached skill level 22 in Air Magic
 75347 | Zig:4    | Entered Level 4 of a ziggurat
 75403 | Zig:5    | Entered Level 5 of a ziggurat
 75424 | Zig:5    | Reached skill level 5 in Maces & Flails
 75532 | Zig:5    | Identified Liwkeiga's Papyrus of the Escort
 75538 | Zig:5    | Got a fine crystal plate armour
 75549 | Zig:5    | Identified the +3 crystal plate armour "Shureduc" {+Rage MP+9} (You found it on level 5 of a ziggurat)
 75561 | Zig:6    | Entered Level 6 of a ziggurat
 75599 | Zig:6    | Identified Cerebov's Handbook of Combat Magic
 75648 | Zig:7    | Entered Level 7 of a ziggurat
 75686 | Zig:7    | Identified Struinowase's Grimoire of Calling (You found it on level 7 of a ziggurat)
 75700 | Zig:8    | Entered Level 8 of a ziggurat
 75748 | Zig:8    | Got a pitted turquoise ring
 75753 | Zig:8    | Identified the ring of Toliv {Wiz Int+4} (You found it on level 8 of a ziggurat)
 75758 | Zig:8    | Got an ancient wooden ring
 75764 | Zig:8    | Identified the ring "Caxzem" {+Fly MP+9 Stlth+} (You found it on level 8 of a ziggurat)
 75776 | Zig:8    | Got a steaming tin ring
 75777 | Zig:8    | Identified the ring of Iggiorim {+Inv MP+9 Int+3 Dex+2 Stlth++} (You found it on level 8 of a ziggurat)
 75789 | Zig:9    | Entered Level 9 of a ziggurat
 75859 | Zig:10   | Entered Level 10 of a ziggurat
 75923 | Zig:10   | Identified Abeenih's Grimoire of Clay and Changing
 75993 | Zig:10   | Got a bloodstained chain mail
 75994 | Zig:10   | Identified the +5 chain mail of Pnapsakh {MR- Regen+ Str-3 Dex+4 Slay+6} (You found it on level 10 of a ziggurat)
 76026 | Zig:11   | Entered Level 11 of a ziggurat
 76146 | Zig:11   | Identified Luskoith's Reference Book on Aerial Augmentations
 76164 | Zig:11   | Reached skill level 10 in Maces & Flails
 76203 | Zig:12   | Entered Level 12 of a ziggurat
 76225 | Zig:12   | Noticed Skaitsao the pandemonium lord
 76238 | Zig:12   | Killed Skaitsao the pandemonium lord
 76258 | Zig:12   | Reached skill level 23 in Air Magic
 76418 | Zig:12   | Got a slimy jade ring
 76419 | Zig:12   | Identified the ring "Schunux" {HP+9 Dex+4} (You found it on level 12 of a ziggurat)
 76446 | Zig:13   | Entered Level 13 of a ziggurat
 76651 | Zig:13   | Got a pair of scorched gloves
 76652 | Zig:13   | Identified the -5 pair of gloves of Qazlal's Whim {+Blink +Rage MP+9} (You acquired it on level 13 of a ziggurat)
 76660 | Zig:13   | Upgraded the game from 0.16-a0-3606-g1520cdc to 0.16-a0-3625-g2624681
 76663 | Zig:14   | Entered Level 14 of a ziggurat
 76867 | Zig:15   | Entered Level 15 of a ziggurat
 76882 | Zig:15   | Noticed an ancient lich
 76896 | Zig:15   | Noticed an ancient lich
 76898 | Zig:15   | Killed from afar by a spellforged servitor

Action                   |  1- 3 |  4- 6 |  7- 9 | 10-12 | 13-15 | 16-18 | 19-21 | 22-24 | 25-27 || total
-------------------------+-------+-------+-------+-------+-------+-------+-------+-------+-------++-------
Melee: Quarterstaff      |    74 |   159 |   233 |   127 |       |       |       |       |       ||   593
       Blowgun           |       |       |     1 |       |       |       |       |       |       ||     1
       Trident           |       |       |       |   387 |   544 |       |       |       |       ||   931
       Demon trident     |       |       |       |       |   541 |  1603 |  1890 |  2022 |  4832 || 10888
       Sacred scourge    |       |       |       |       |       |       |       |       |   153 ||   153
       Staff             |       |       |       |       |       |       |       |       |    13 ||    13
 Fire: Blowgun           |       |       |    14 |    19 |    18 |     2 |    27 |       |       ||    80
Throw: Tomahawk          |       |     6 |     5 |       |     2 |       |       |       |       ||    13
       Javelin           |       |       |     3 |     8 |     4 |     4 |     3 |     2 |       ||    24
       Throwing net      |       |       |     3 |       |     1 |       |       |       |       ||     4
 Cast: Repel Missiles    |       |       |       |       |       |     1 |     6 |     8 |     3 ||    18
       Regeneration      |       |       |       |       |       |     3 |       |       |    12 ||    15
       Shroud of Golubri |       |       |       |       |       |     1 |     3 |       |       ||     4
       Shock             |       |       |       |       |       |     1 |       |       |       ||     1
       Force Lance       |       |       |       |       |       |       |     1 |       |       ||     1
       Lightning Bolt    |       |       |       |       |       |       |       |    16 |    26 ||    42
       Stoneskin         |       |       |       |       |       |       |       |     4 |    42 ||    46
       Lee's Rapid Decon |       |       |       |       |       |       |       |     6 |    32 ||    38
       Irradiate         |       |       |       |       |       |       |       |     2 |    16 ||    18
       Control Teleport  |       |       |       |       |       |       |       |     2 |     7 ||     9
       Phase Shift       |       |       |       |       |       |       |       |       |    27 ||    27
       Deflect Missiles  |       |       |       |       |       |       |       |       |    20 ||    20
       Blink             |       |       |       |       |       |       |       |       |     2 ||     2
       Airstrike         |       |       |       |       |       |       |       |       |    52 ||    52
       Tornado           |       |       |       |       |       |       |       |       |    21 ||    21
       Conjure Ball Ligh |       |       |       |       |       |       |       |       |    10 ||    10
       Swiftness         |       |       |       |       |       |       |       |       |     4 ||     4
       Apportation       |       |       |       |       |       |       |       |       |     2 ||     2
Invok: Sacrifice Purity  |       |       |       |     1 |     2 |       |       |       |       ||     3
       Sacrifice Stealth |       |       |       |     1 |       |       |       |       |       ||     1
       Sacrifice Love    |       |       |       |     1 |       |       |       |       |       ||     1
       Sacrifice Artific |       |       |       |     1 |       |       |       |       |       ||     1
       Power Leap        |       |       |       |       |     4 |     4 |     6 |     5 |     4 ||    23
       Sacrifice Health  |       |       |       |       |     1 |       |       |       |       ||     1
       Apocalypse        |       |       |       |       |       |     2 |     3 |     3 |     7 ||    15
       Draw Out Power    |       |       |       |       |       |     2 |     2 |       |     8 ||    12
Evoke: Wand              |       |       |       |     4 |       |       |       |       |       ||     4
  Use: Scroll            |     4 |     8 |     5 |     9 |    10 |    21 |    10 |    19 |    72 ||   158
       Potion            |     2 |     1 |     5 |     5 |     2 |     3 |     6 |     3 |    21 ||    48
 Stab: Sleeping          |       |       |     2 |       |       |       |       |       |       ||     2
       Invisible         |       |       |       |     1 |     6 |    15 |    20 |    14 |    37 ||    93
       Paralysed         |       |       |       |       |     2 |     8 |    10 |     5 |    18 ||    43
       Distracted        |       |       |       |       |       |     5 |     4 |     6 |    13 ||    28
       Fleeing           |       |       |       |       |       |     2 |       |       |       ||     2
       Confused          |       |       |       |       |       |       |       |       |     3 ||     3
  Eat: Chunk             |       |     7 |     8 |    17 |    20 |    26 |    29 |    35 |    40 ||   182
       Pizza             |       |       |       |     1 |     1 |     2 |     1 |     1 |     4 ||    10
       Meat ration       |       |       |       |       |     1 |     1 |       |       |       ||     2
       Royal jelly       |       |       |       |       |       |     1 |       |     1 |     6 ||     8
       Beef jerky        |       |       |       |       |       |       |     2 |     1 |     3 ||     6
       Fruit             |       |       |       |       |       |       |       |     1 |     2 ||     3
       Bread ration      |       |       |       |       |       |       |       |       |    10 ||    10
